 Dungeon Sprint DCSS version 0.29-a0-613-gf2c431b9b9 (webtiles) character file.

Game seed: 6583202007181598957

12182 mhtbhm the Convoker (level 11, -13/65 HPs)
             Began as an Octopode Summoner on June 16, 2022.
             Was an Initiate of Gozag.
             Mangled by a golden dragon (16 damage)
             ... in the Dungeon (Sprint I: "Red Sonja").
             The game lasted 00:17:34 (5618 turns).

mhtbhm the Convoker (Octopode Summoner)             Turns: 5618, Time: 00:17:35

Health: -13/65     AC:  1    Str: 16    XL:     11   Next: 89%
Magic:  5/30       EV: 15    Int: 20    God:    Gozag
Gold:   2188       SH:  0    Dex: 12    Spells: 8/41 levels left

rFire   + . .      SeeInvis +   w - +6 mace of Axkuh {holy, rF+ SInv}
rCold   . . .      Faith    .   (no shield)
rNeg    . . .      Spirit   .   (helmet restricted)
rPois   .          Reflect  .   q - amulet of magic regeneration
rElec   .          Harm     .   p - +6 ring of strength
rCorr   .          Rampage  .   r - ring of see invisible
Will    .....      NoTele   +   s - ring of flight
Stlth   ++++++++..              t - ring of wizardry
HPRegen 0.20/turn               x - ring of Shadows {Umbra +Inv Stlth+}
MPRegen 0.62/turn               (no ring)
                                (no ring)
                                (no ring)

@: lethally poisoned (-13 -> -18), flying, wreathed by umbra
A: almost no armour, amphibious, 8 rings, camouflage 1, gelatinous body 1,
(nimble swimmer 1), tentacles
a: Renounce Religion, Evoke Invisibility, Potion Petition, Call Merchant, Bribe
Branch


You were in the Dungeon.
You worshipped Gozag.
Gozag was most pleased with you.
You visited 1 branch You collected 6582 gold pieces.
You spent 3729 gold pieces at shops.
You paid 665 gold pieces to Gozag.

Inventory:

Hand Weapons
 j - a +2 short sword of venom
 w - the +6 mace of Axkuh (weapon) {holy, rF+ SInv}
   (You bought it in a shop in the Dungeon)

   It has been blessed by the Shining One to cause great damage to the undead
   and demons.
   rF:        It protects you from fire.
   SInv:      It lets you see invisible.
Missiles
 i - 2 curare-tipped darts (quivered)
Jewellery
 p - a +6 ring of strength (left tentacle)
 q - an amulet of magic regeneration (around mantle)
 r - a ring of see invisible (right tentacle)
 s - a ring of flight (on tentacle)
 t - a ring of wizardry (on tentacle)
 x - the ring of Shadows (on tentacle) {Umbra +Inv Stlth+}
   (You found it in the Dungeon)

   [ring of stealth]

   It surrounds you with an aura of shadow, increasing your stealth and reducing
   the accuracy of all others within it.
   +Inv:      It lets you turn invisible.
   Stlth:     It makes you more stealthy.
Wands
 e - a wand of light (5)
 h - a wand of mindburst (6)
 l - a wand of flame (37)
 n - a wand of iceblast (2)
Scrolls
 f - a scroll of identify {unknown}
 k - a scroll of enchant armour {unknown}
 o - a scroll of brand weapon {unknown}
 y - a scroll of poison {unknown}
Potions
 a - 2 potions of magic
 b - 4 potions of curing
 c - a potion of heal wounds
 d - a potion of haste
 g - a potion of flight {unknown}
 m - 2 potions of degeneration {unknown}
 u - a potion of might
 v - a potion of resistance


   Skills:
 + Level 2.5 Fighting
 + Level 3.2 Short Blades
 + Level 1.1 Throwing
 + Level 5.6 Dodging
 + Level 7.6 Stealth
 + Level 2.8 Unarmed Combat
 + Level 15.9 Spellcasting
 + Level 6.5 Hexes
 + Level 19.8 Summonings
 + Level 7.0 Air Magic
 + Level 1.2 Evocations


You had 8 spell levels left.
You knew the following spells:

 Your Spells              Type           Power      Damage    Failure   Level
a - Summon Small Mammal   Summ           100%       N/A       0%          1
b - Call Imp              Summ           77%        N/A       0%          2
c - Call Canine Familiar  Summ           77%        N/A       0%          3
d - Summon Guardian Gole  Hex/Summ       62%        N/A       1%          3
e - Summon Lightning Spi  Summ/Air       63%        N/A       1%          4
f - Summon Cactus Giant   Summ           38%        N/A       1%          6
g - Summon Hydra          Summ           38%        N/A       1%          7
h - Monstrous Menagerie   Summ           38%        N/A       1%          7

Your spell library contained the following spells:

 Spells                   Type           Power      Damage    Failure   Level
 Ensorcelled Hibernation  Hex/Ice        58%        N/A       1%          2
 Spider Form              Tmut/Pois      15%        N/A       4%          3
 Anguish                  Hex/Necr       14%        N/A       4%          4
 Malign Gateway           Summ/Tloc      26%        N/A       22%         7
 Storm Form               Tmut/Air       15%        N/A       95%         7
 Animate Armour           Summ/Erth      Unusable   N/A       N/A         4

Dungeon Overview and Level Annotations

Branches:
Dungeon (1/1)

Altars:
Cheibriados
Dithmenos
Elyvilon
Fedhas
Gozag
Hepliaklqana
Kikubaaqudgha
Makhleb
Nemelex Xobeh
Okawaru
Qazlal
Ru
Sif Muna
Trog
Uskayaw
Vehumet
Wu Jian
Xom
Yredelemnul
Zin
The Shining One
Jiyva
Lugonu

Shops:
D ((!(!!*=(=[:**(:[!


Innate Abilities, Weirdness & Mutations

You cannot wear most types of armour.
You are amphibious.
You can wear up to eight rings at the same time.
Your skin changes colour to match your surroundings (Stealth+).
Your rubbery body absorbs attacks. (AC +1, EV +1)
((You are camouflaged when in or above water. (Stealth+)))
You have tentacles for arms and can constrict up to eight enemies at once.


Message History

Your four-headed hydra completely misses the golden dragon.
Your four-headed hydra bites the golden dragon but does no damage.
Your four-headed hydra barely misses the golden dragon.
Unknown command.
You feel very sick.
The golden dragon bites your guardian golem!
The golden dragon claws your guardian golem.
The golden dragon tramples your guardian golem.
Your guardian golem stumbles backwards!
Your manticore is engulfed in poison gas.
Your manticore is poisoned.
You feel very sick.
Unknown command.
Okay, then.
Casting: Monstrous Menagerie (dangerous; 1% risk of failure)
Confirm with . or Enter, or press ? or * to list all spells.
Okay, then.
Unknown command.
Casting: Monstrous Menagerie (dangerous; 1% risk of failure)
Confirm with . or Enter, or press ? or * to list all spells.
A guardian golem appears, shielding your allies.
You feel sick.
Your guardian golem disappears in a puff of smoke!
Your manticore bites the golden dragon!
Your manticore claws the golden dragon but does no damage. x2
Your four-headed hydra bites the golden dragon but does no damage.
Your four-headed hydra barely misses the golden dragon.
Your four-headed hydra bites the golden dragon!
Your four-headed hydra barely misses the golden dragon.
Unknown command.
Unknown command.
Okay, then.
You feel much better.
You feel sick. The golden dragon bites you!!!
Ouch! That really hurt!
* * * LOW HITPOINT WARNING * * *
The golden dragon claws you!
* * * LOW HITPOINT WARNING * * *
The golden dragon tramples you!
You die...
Your body crumbles into a pile of gold. #.§§§§##..'..#.§§§## $$$$$$ ##§.§#######+#.§)§.# $$$$ $###§#..(## #§.§..#$$$ $$$$ $ #§##...# ##§§§§# $ $$$$ $ #..###.# ###§##$$$ $$$$

$$$##.#A#.#
#.####+#$$$$
#..###.#
##'#○§§.##$$$
#.##...#
##..D○§§..##$$
#..#+###
#§@DC☼§§...#$$
$$ ##...#
#.§H○§8§...# $
$ $###.#
#.§..9.).....#
$$$$$$#.#
#..○○°=......#$
$$$$$$#.#
##.☼.§......##$
$$$ #+#
#$$§§$$$$$$#$$
$
##$$§$$$$$##$$
##?)((!=##$$$
######## $$


You could see a golden dragon (ally target), a friendly four-headed hydra
(summoned, sheltered), a friendly manticore (summoned, sheltered, poisoned), a
friendly cactus giant (summoned, sheltered), a friendly guardian golem
(summoned) and a friendly lightning spire (summoned, sheltered).

Vanquished Creatures
  An unseen horror (D)
  2 kobold demonologists (D)
  3 floating eyes (D)
  A ballistomycete spore (D)
7 creatures vanquished.

Vanquished Creatures (collateral kills)
  A shadow dragon (D)
  A hydra (D)
  A centaur warrior (D)
  Sonja (D)
  A deep troll (D)
  An oklob plant (D)
  A lindwurm (D)
  A gargoyle (D)
  6 unseen horrors (D)
  4 demonic crawlers (D)
  A hornet (D)
  A slime creature (D)
  Sigmund (D)
  A yak (D)
  13 hogs (D)
  A redback (D)
  An ogre (D)
  7 necrophages (D)
  8 jellies (D)
  Ijyb (D)
53 creatures vanquished.

Vanquished Creatures (others)
  A centaur warrior (D)
  A gargoyle (D)
  A redback (D)
  A ballistomycete spore (D)
4 creatures vanquished.

Grand Total: 64 creatures vanquished

Notes
Turn   | Place    | Note
-------+----------+-------------------------------------------
     0 | D        | mhtbhm the Octopode Summoner began the quest for the Orb.
     0 | D        | Reached XP level 1. HP: 11/11 MP: 3/3
     5 | D        | Noticed Ijyb
    14 | D        | Killed Ijyb
    15 | D        | Reached skill level 6 in Summonings
    15 | D        | Reached XP level 2. HP: 4/17 MP: 0/5
    15 | D        | Reached XP level 3. HP: 5/21 MP: 0/6
   267 | D        | Learned a level 2 spell: Call Imp
   271 | D        | Learned a level 3 spell: Call Canine Familiar
   274 | D        | Noticed an ogre
   287 | D        | Killed an ogre
   288 | D        | Reached skill level 8 in Summonings
   288 | D        | Reached XP level 4. HP: 27/27 MP: 1/9
   587 | D        | Learned a level 3 spell: Summon Guardian Golem
   604 | D        | Noticed Sigmund
   610 | D        | Killed Sigmund
   611 | D        | Reached skill level 1 in Unarmed Combat
   611 | D        | Reached skill level 5 in Spellcasting
   611 | D        | Reached skill level 10 in Summonings
   611 | D        | Reached XP level 5. HP: 31/31 MP: 1/12
   611 | D        | Reached XP level 6. HP: 36/36 MP: 1/14
   618 | D        | Found a shimmering blue altar of Sif Muna.
   619 | D        | Found an ornate altar of the Wu Jian Council.
   620 | D        | Found a radiant altar of Vehumet.
   625 | D        | Reached skill level 5 in Stealth
   625 | D        | Reached skill level 11 in Summonings
   628 | D        | Found Bofiages's Antique Weapon Emporium.
   628 | D        | Found an ancient bone altar of Kikubaaqudgha.
   628 | D        | Found a hazy altar of Hepliaklqana.
   628 | D        | Found a stormy altar of Qazlal.
   628 | D        | Found a hide-covered altar of Uskayaw.
   628 | D        | Found a blossoming altar of Fedhas.
   628 | D        | Found a bloodstained altar of Trog.
   628 | D        | Found an iron altar of Okawaru.
   628 | D        | Found a basalt altar of Yredelemnul.
   628 | D        | Found a glowing golden altar of the Shining One.
   628 | D        | Found a snail-covered altar of Cheibriados.
   628 | D        | Found a sacrificial altar of Ru.
   628 | D        | Found a glowing silver altar of Zin.
   628 | D        | Found a shadowy altar of Dithmenos.
   628 | D        | Found a white marble altar of Elyvilon.
   628 | D        | Noticed a yak
   634 | D        | Killed a yak
   635 | D        | Reached skill level 1 in Hexes
   635 | D        | Reached skill level 12 in Summonings
   635 | D        | Reached XP level 7. HP: 41/41 MP: 1/16
   637 | D        | Found an opulent altar of Gozag.
   638 | D        | Found a sparkling altar of Nemelex Xobeh.
   647 | D        | Became a worshipper of Gozag Ym Sagoz the Greedy
   745 | D        | Learned a level 4 spell: Summon Lightning Spire
   748 | D        | Noticed Sonja
   756 | D        | Killed Sonja
   757 | D        | Reached skill level 14 in Summonings
   757 | D        | Reached skill level 1 in Air Magic
   757 | D        | Reached XP level 8. HP: 25/46 MP: 7/20
   905 | D        | Found Kurioduu's Antique Weapon Boutique.
  1068 | D        | Noticed a deep troll
  1081 | D        | Killed a deep troll
  1147 | D        | Found Fibab's Armour Emporium.
  1207 | D        | Found a burning altar of Makhleb.
  1207 | D        | Found a viscous altar of Jiyva.
  1207 | D        | Found a shimmering altar of Xom.
  1207 | D        | Found a corrupted altar of Lugonu.
  1207 | D        | Noticed a slime creature
  1215 | D        | Killed a slime creature
  1216 | D        | Reached skill level 15 in Summonings
  1216 | D        | Reached XP level 9. HP: 51/51 MP: 13/22
  1339 | D        | Noticed a kobold demonologist
  1341 | D        | Noticed a kobold demonologist
  1350 | D        | Killed a kobold demonologist
  1351 | D        | Reached skill level 10 in Spellcasting
  1356 | D        | Noticed an ice devil
  1359 | D        | Killed a kobold demonologist
  1360 | D        | Reached skill level 1 in Short Blades
  1589 | D        | Noticed a centaur warrior
  1589 | D        | Noticed a centaur warrior
  1604 | D        | Killed a centaur warrior
  1605 | D        | Reached skill level 1 in Fighting
  1605 | D        | Reached skill level 1 in Throwing
  1605 | D        | Reached skill level 5 in Dodging
  1605 | D        | Reached skill level 16 in Summonings
  1624 | D        | Killed a centaur warrior
  1625 | D        | Reached skill level 5 in Hexes
  1625 | D        | Reached skill level 1 in Evocations
  1625 | D        | Reached XP level 10. HP: 48/59 MP: 9/25
  1879 | D        | Noticed an oklob plant
  1895 | D        | Killed an oklob plant
  1896 | D        | Reached skill level 5 in Air Magic
  2312 | D        | Killed a gargoyle
  2481 | D        | Reached skill level 17 in Summonings
  2600 | D        | Found Uratsoeb's Weapon Shoppe.
  2600 | D        | Found Hual's Distillery.
  2600 | D        | Found Waqoel's Distillery.
  2602 | D        | Found Rorud's Distillery.
  2602 | D        | Found Ichaq's General Store.
  2602 | D        | Found Uzivvut's Jewellery Shoppe.
  2602 | D        | Found Xeely's Antique Weapon Boutique.
  2602 | D        | Found Bucieh's Jewellery Emporium.
  2602 | D        | Found Exka Xesh's Armour Shop.
  2602 | D        | Found Xople's General Store.
  2606 | D        | Found Cahorymu's Assorted Antiques.
  2607 | D        | Found Cowimno's Book Emporium.
  2607 | D        | Found Nishafoze's Antique Weapon Boutique.
  2608 | D        | Found Negiokute's Distillery.
  2623 | D        | Bought A Thorough Guide to Witchcraft for 768 gold pieces
  2623 | D        | Bought the Guide on Calling for 736 gold pieces
  2630 | D        | Learned a level 6 spell: Summon Cactus Giant
  2638 | D        | Learned a level 7 spell: Summon Hydra
  2646 | D        | Learned a level 7 spell: Monstrous Menagerie
  2669 | D        | Killed an unseen horror
  2672 | D        | Killed an unseen horror
  2804 | D        | Noticed a demonic crawler
  2804 | D        | Noticed a demonic crawler
  2804 | D        | Noticed a demonic crawler
  2804 | D        | Noticed a demonic crawler
  2808 | D        | Killed a demonic crawler
  2809 | D        | Killed a demonic crawler
  2810 | D        | Noticed a gargoyle
  2813 | D        | Killed a demonic crawler
  2819 | D        | Killed a demonic crawler
  2820 | D        | Reached skill level 18 in Summonings
  2820 | D        | Reached XP level 11. HP: 45/64 MP: 19/28
  2925 | D        | Noticed a lindwurm
  2943 | D        | Killed a lindwurm
  3110 | D        | Reached skill level 19 in Summonings
  3225 | D        | Noticed a 12-headed hydra
  3229 | D        | Killed a 12-headed hydra
  3230 | D        | Reached skill level 15 in Spellcasting
  3518 | D        | Bought an amulet of magic regeneration for 300 gold pieces
  3522 | D        | Bought a ring of see invisible for 150 gold pieces
  3524 | D        | Bought a ring of flight for 227 gold pieces
  3524 | D        | Bought a ring of wizardry for 390 gold pieces
  3534 | D        | Bought a potion of heal wounds for 70 gold pieces
  3541 | D        | Bought a potion of heal wounds for 60 gold pieces
  3541 | D        | Bought a potion of heal wounds for 60 gold pieces
  3541 | D        | Bought a potion of might for 48 gold pieces
  3541 | D        | Bought a potion of resistance for 120 gold pieces
  3554 | D        | Bought the +6 mace of Axkuh {holy, rF+ SInv} for 750 gold
                  | pieces
  3558 | D        | Bought a potion of heal wounds for 50 gold pieces
  3678 | D        | Noticed a daeva
  4592 | D        | Found the ring of Shadows {Umbra +Inv Stlth+}
  4791 | D        | HP: 3/65 [daeva/divine providence (11)]
  5372 | D        | Noticed a golden dragon
  5373 | D        | Noticed a shadow dragon
  5387 | D        | Killed a shadow dragon
  5618 | D        | HP: 3/65 [golden dragon (13)]
  5618 | D        | Mangled by a golden dragon

Illustrated notes

Levels and vault maps discovered:
D:        dungeon_sprint_1 [red_sonja_temple_1, red_sonja_temple_small_1]

Skill      XL: |  1  2  3  4  5  6  7  8  9 10 11 |
---------------+----------------------------------+-----
Stealth        | 3 4 5 6 7 |  7.6
Summonings     | 6 8 10 12 14 15 16 18 19 | 19.8
Dodging        | 3 4 5 |  5.6
Spellcasting   | 3 5 6 8 9 11 13 15 | 15.9
Unarmed Combat | 1 2 |  2.8
Hexes          | 1 2 3 5 6 |  6.5
Air Magic      | 1 2 4 6 7 |  7.0
Short Blades   | 2 3 |  3.2
Fighting       | 1 2 |  2.5
Throwing       | 1 |  1.1
Evocations     | 1 |  1.2

Action                   |  1- 3 |  4- 6 |  7- 9 | 10-12 || total
-------------------------+-------+-------+-------+-------++-------
Melee: Unarmed           |     5 |       |       |       ||     5
       Tentacles         |     1 |       |     4 |     1 ||     6
       Constrict         |     1 |       |     3 |     2 ||     6
       Short sword       |       |       |    15 |    12 ||    27
Throw: Dart              |       |       |     1 |       ||     1
 Cast: Summon Small Mamm |     3 |     1 |     1 |     1 ||     6
       Call Canine Famil |     1 |     1 |     5 |     5 ||    12
       Call Imp          |     1 |     1 |     4 |     3 ||     9
       Summon Guardian G |       |     2 |     6 |    17 ||    25
       Summon Lightning  |       |       |     5 |    23 ||    28
       Summon Cactus Gia |       |       |       |    10 ||    10
       Monstrous Menager |       |       |       |     7 ||     7
       Summon Hydra      |       |       |       |     9 ||     9
Invok: Call Merchant     |       |       |       |     1 ||     1
Evoke: Wand              |       |       |     1 |     1 ||     2
  Use: Potion            |     1 |       |       |     5 ||     6
       Scroll            |       |       |       |     1 ||     1
 Stab: Sleeping          |       |       |       |     2 ||     2
Dodge: Dodged            |     1 |       |    11 |    34 ||    46

Table legend: (Time is in decaauts)
 A = Elapsed time spent in this place.
 B = Non-inter-level travel time spent in this place.
 C = Inter-level travel time spent in this place.
 D = Time resting spent in this place.
 E = Time spent auto-exploring this place.
 F = Levels seen in this place.
 G = Mean time per level.
                   A        B        C        D        E       F      G
               +--------+--------+--------+--------+--------+-----+--------+
         Total |   5621 |   5621 |      0 |   3999 |      0 |   1 | 5621.0 |
       Dungeon |   5621 |   5621 |      0 |   3999 |      0 |   1 | 5621.0 |
               +--------+--------+--------+--------+--------+-----+--------+

Top non-repeatable levels by time:
       D: 5621 daAuts
